 Dungeon Crawl Stone Soup version 0.25-a0-729-g14964f1db5 (webtiles) character file.

Game seed: 1810053623063852062, levelgen mode: deterministic

12754 Nyrgvaldir the Geomancer (level 11, -4/66 HPs)
             Began as a Gargoyle Earth Elementalist on Apr 7, 2020.
             Was an Elder of Vehumet.
             Killed by refrigeration
             ... invoked by Fannar
              (25 damage)
             ... on level 10 of the Dungeon.
             The game lasted 00:37:11 (12716 turns).

Nyrgvaldir the Geomancer (GrEE)                    Turns: 12716, Time: 00:37:12

Health: -4/66      AC: 16    Str: 12    XL:     11   Next: 98%
Magic:  1/22       EV: 14    Int: 19    God:    Vehumet [****..]
Gold:   131        SH:  2    Dex: 10    Spells: 11/25 levels left

rFire    . . .     SeeInvis .   l - +2 mace (drain)
rCold    . . .     Gourm    .   (no shield)
rNeg     + . .     Faith    .   c - +1 robe
rPois    ∞         Spirit   .   (helmet restricted)
rElec    +         Reflect  +   (no cloak)
rCorr    .         Harm     .   f - +0 pair of gloves
MR       .....     Rnd*Rage +   (no boots)
Stlth    ++........             y - +2 amulet of reflection
HPRegen  0.21/turn              L - +4 ring of protection
MPRegen  0.18/turn              K - ring of wizardry

@: no status effects
A: horns 1, berserk 1, negative energy resistance 1, electricity resistance,
unbreathing, petrification resistance, rot immunity, MP-powered wands, AC +8
a: Renounce Religion


You were on level 10 of the Dungeon.
You worshipped Vehumet.
Vehumet was greatly pleased with you.
You were very hungry.

You visited 2 branches of the dungeon, and saw 11 of its levels.
You also visited: Sewer.

You collected 512 gold pieces.
You spent 381 gold pieces at shops.

Inventory:

Hand Weapons
 l - a +2 mace of draining (weapon)
 m - a +1 flail of holy wrath
Missiles
 b - 252 stones (quivered)
 q - a throwing net
Armour
 c - a +1 robe (worn)
 f - a +0 pair of gloves (worn)
Magical Staves
 E - an uncursed staff of air {unknown}
Jewellery
 u - an uncursed ring of ice
 y - a +2 amulet of reflection (around neck)
 D - a +4 ring of dexterity
 G - a +2 ring of intelligence
 K - a ring of wizardry (right hand)
 L - a +4 ring of protection (left hand)
Wands
 s - a wand of paralysis (16)
 w - a wand of polymorph (12)
 F - a wand of iceblast (2)
 J - a wand of flame (14)
Scrolls
 a - a scroll of fear
 g - 7 scrolls of teleportation
 h - a scroll of fog
 n - 2 scrolls of remove curse
 t - a scroll of blinking
 x - 3 scrolls of enchant weapon
 z - 2 scrolls of amnesia
 A - a scroll of identify
 C - a scroll of magic mapping
Potions
 i - 6 potions of might
 k - a potion of berserk rage
 o - 2 potions of ambrosia
 p - 3 potions of stabbing
 r - 5 potions of curing
 v - a potion of invisibility
 H - 2 potions of haste
 I - 2 potions of cancellation
Comestibles
 d - 16 rations
 B - 6 chunks of flesh


   Skills:
 + Level 6.8 Fighting
 + Level 6.2 Maces & Flails
 - Level 6.0 Armour
 + Level 5.7 Dodging
 - Level 2.1 Stealth
 + Level 7.5 Spellcasting
 + Level 8.3 Conjurations
 - Level 0.7 Transmutations
 + Level 10.3 Earth Magic
 + Level 3.6 Evocations


You had 11 spell levels left.
You knew the following spells:

 Your Spells              Type           Power        Failure   Level  Hunger
a - Sandblast             Erth           #####.       1%          1    None
b - Stone Arrow           Conj/Erth      #####.       1%          3    #......
c - Lee's Rapid Deconstr  Erth           #####.....   1%          5    #####..
d - Irradiate             Conj/Tmut      ###.......   4%          5    #####..

Your spell library contained the following spells:

 Spells                   Type           Power        Failure   Level  Hunger
 Passwall                 Tmut/Erth      ####....     1%          2    None
 Petrify                  Tmut/Erth      ####....     4%          4    ###....
 Confusing Touch          Hex            #.......     12%         3    #......
 Gell's Gravitas          Tloc           #.........   12%         3    #......
 Yara's Violent Unravell  Hex/Tmut       #.........   24%         5    #####..
 Metabolic Englaciation   Hex/Ice        #.........   69%         5    #####..


Dungeon Overview and Level Annotations

Branches:
Dungeon (10/15)            Temple (1/1) D:6            Lair (0/6) D:10
  Sewer (visited)
    Orc: D:9-12

Altars:
Ashenzari
Cheibriados
Dithmenos
Elyvilon
Fedhas
Gozag
Hepliaklqana
Kikubaaqudgha
Makhleb
Nemelex Xobeh
Okawaru
Qazlal
Ru
Sif Muna
Trog
Uskayaw
Vehumet
Wu Jian
Xom
Yredelemnul
Zin
The Shining One

Shops:
D:6 !(   D:9 (([*

Portals:
Trove: D:10 (give 8 potions of haste)

Annotations:
D:10 Fannar


Innate Abilities, Weirdness & Mutations

You are resistant to torment.
Your stone body is resilient. (AC +8)
You are immune to poison.
You resist negative energy. (rN+)
You are resistant to electric shocks. (rElec)
You can survive without breathing.
You are immune to petrification.
You are immune to rotting.
You have a pair of small horns on your head.
You tend to lose your temper in combat.
You expend magic power (3 MP) to strengthen your wands.


Message History

Aim: Fannar, wielding a +0 quarterstaff of freezing, wearing a +2 robe of cold resistance and wearing an uncursed ring of ice (almost dead, covered in an icy film)
The blast of sand hits Fannar but does no damage.
Fannar is almost dead.
b - 253 stones The ice beast completely misses you.
The ice beast barely misses you. Fannar hits you but does no damage.
You block the ice beast's attack.
Unknown command.
Casting: Sandblast (safe; 1% risk of failure)
Confirm with . or Enter, or press ? or * to list all spells.
Aiming: Sandblast (safe; 1% risk of failure)
Press: ? - help, Shift-Dir - straight line, f/p - Fannar
Aim: Fannar, wielding a +0 quarterstaff of freezing, wearing a +2 robe of cold resistance and wearing an uncursed ring of ice (almost dead, covered in an icy film)
The blast of sand misses Fannar.
b - 252 stones The ice beast hits you.
The ice beast freezes you!
The ice beast hits you but does no damage.
Fannar gestures wildly while chanting.
Fannar drains the heat from the surrounding environment!
You feel very cold.
You die...

........#.....#.......+..÷....
+##.....#...(.#.......#...<...
.#####.+.....#.......######..
.....#.#######............#..
....#.5..................#..
....'....................#..
...#....###(####........###
#..###.(Y...#...........
#..#...@e...#...........
#..#..YY(...#...........
#..#.....(..#...........
#..#...!.####...÷.######
#..#######........# #
.########.................# #
..........................# #
..........................######
.......)........................


You could see Fannar and 3 ice beasts.

Vanquished Creatures
  Erolcha (D:10)
  Harold (D:8)
  Erica (D:8)
  A catoblepas (D:10)
  A death yak (D:10)
  Urug (D:10)
  Pikel (D:7)
  A centaur zombie (D:10)
  A troll (D:10)
  A hornet (D:8)
  5 hippogriffs
  2 wyverns
  A basilisk (D:10)
  A human (D:7)
  4 yaks (D:10)
  A steam dragon (D:8)
  4 hogs (D:7)
  A slave (D:7)
  2 water moccasins
  A necrophage (D:10)
  An eye of draining (D:9)
  5 ice beasts
  2 black bears
  2 phantoms
  A wolf (D:8)
  3 centaurs
  2 ogres
  A crocodile (D:10)
  4 big kobolds
  Blork the orc (D:5)
  4 bullfrogs
  A wyvern zombie (D:8)
  4 scorpions
  6 killer bees (D:9)
  8 howler monkeys
  6 electric eels (D:8)
  6 crimson imps
  2 bullfrog zombies
  2 quasits (D:8)
  2 hounds (D:4)
  2 jellies (D:9)
  A gnoll shaman (D:4)
  2 orc priests
  9 orc wizards
  A bullfrog skeleton (D:9)
  Jessica (D:9)
  A centaur skeleton (D:8)
  4 iguanas
  8 worker ants
  8 gnolls
  2 worker ant zombies
  17 adders
  A river rat (D:5)
  An ooze (D:2)
  2 adder zombies (D:9)
  An adder skeleton (D:3)
  3 worms
  2 dart slugs
  5 leopard geckos
  27 orcs
  8 bats
  3 giant cockroaches
  6 goblins
  9 hobgoblins
  20 jackals
  6 quokkas
  4 ball pythons (Sewer)
  11 frilled lizards
  A giant cockroach zombie (D:6)
  A jackal zombie (D:8)
  58 kobolds
  A leopard gecko skeleton (D:5)
  9 rats
  6 plants (Sewer)
336 creatures vanquished.

Vanquished Creatures (others)
  An adder (D:8)
  2 orcs (D:8)
  5 plants
8 creatures vanquished.

Grand Total: 344 creatures vanquished

Notes
Turn   | Place    | Note
-------+----------+-------------------------------------------
     0 | D:1      | Nyrgvaldir the Gargoyle Earth Elementalist began the quest
                  | for the Orb.
     0 | D:1      | Reached XP level 1. HP: 10/10 MP: 3/3
   480 | D:1      | Reached XP level 2. HP: 15/15 MP: 3/5
   483 | D:1      | Reached skill level 4 in Earth Magic
  1187 | D:2      | Reached XP level 3. HP: 13/19 MP: 7/7
  1192 | D:2      | Learned a level 3 spell: Stone Arrow
  1418 | D:2      | Reached skill level 1 in Conjurations
  1479 | D:2      | Reached XP level 4. HP: 20/24 MP: 8/8
  1714 | D:2      | Reached skill level 5 in Earth Magic
  1759 | D:2      | Found a glowing golden altar of the Shining One.
  1759 | D:2      | Found an opulent altar of Gozag.
  1760 | D:2      | Found a glowing silver altar of Zin.
  1810 | D:2      | Found a blossoming altar of Fedhas.
  2027 | D:3      | Reached XP level 5. HP: 25/28 MP: 0/9
  2541 | D:3      | Reached XP level 6. HP: 29/32 MP: 0/11
  2720 | D:3      | Found a shimmering altar of Xom.
  3169 | D:3      | Learned a level 5 spell: Lee's Rapid Deconstruction
  3238 | D:4      | Reached skill level 6 in Earth Magic
  3395 | D:4      | Reached XP level 7. HP: 24/36 MP: 13/13
  3662 | D:4      | Found a blossoming altar of Fedhas.
  4264 | D:5      | Entered Level 5 of the Dungeon
  4296 | D:5      | Reached skill level 1 in Armour
  4351 | D:5      | Reached skill level 7 in Earth Magic
  4374 | D:5      | Found a glowing drain.
  4385 | Sewer    | Entered a sewer
  4743 | Sewer    | Reached XP level 8. HP: 42/42 MP: 15/15
  5498 | D:5      | Reached skill level 1 in Fighting
  5498 | D:5      | Reached skill level 1 in Maces & Flails
  5687 | D:5      | Noticed Blork the orc
  5694 | D:5      | Killed Blork the orc
  5694 | D:5      | Reached skill level 5 in Spellcasting
  6306 | D:6      | Reached skill level 5 in Conjurations
  6394 | D:6      | Found a staircase to the Ecumenical Temple.
  6412 | Temple   | Entered the Ecumenical Temple
  6520 | Temple   | Became a worshipper of Vehumet
  6569 | D:6      | Found Qufysh's Antique Weapon Shop.
  7028 | D:6      | Found Ashrae's Distillery.
  7035 | D:6      | Bought a potion of invisibility for 104 gold pieces
  7035 | D:6      | Bought a potion of curing for 39 gold pieces
  7035 | D:6      | Bought a potion of ambrosia for 104 gold pieces
  7311 | D:7      | Gained mutation: You tend to lose your temper in combat.
                  | [potion of mutation]
  7311 | D:7      | Gained mutation: You have a pair of small horns on your
                  | head. [potion of mutation]
  7311 | D:7      | Gained mutation: You expend magic power (3 MP) to
                  | strengthen your wands. [potion of mutation]
  7515 | D:7      | Noticed a hippogriff
  7527 | D:7      | Killed a hippogriff
  7527 | D:7      | Reached XP level 9. HP: 34/49 MP: 13/17
  7619 | D:7      | Noticed Pikel
  7628 | D:7      | Killed Pikel
  7628 | D:7      | Reached skill level 8 in Earth Magic
  8214 | D:8      | Reached XP level 10. HP: 50/58 MP: 7/19
  8267 | D:8      | Reached * piety under Vehumet
  8267 | D:8      | Offered knowledge of Foxfire by Vehumet.
  8563 | D:8      | Noticed Erica
  8569 | D:8      | Killed Erica
  8597 | D:8      | Reached skill level 9 in Earth Magic
  8795 | D:8      | Noticed Harold
  8812 | D:8      | Killed Harold
  8812 | D:8      | Reached skill level 5 in Fighting
  8812 | D:8      | Reached skill level 5 in Armour
  8812 | D:8      | Reached skill level 1 in Evocations
  9293 | D:8      | Offered knowledge of Searing Ray by Vehumet.
  9295 | D:8      | Reached ** piety under Vehumet
  9441 | D:8      | Found a sparkling altar of Nemelex Xobeh.
  9696 | D:8      | Found a hazy altar of Hepliaklqana.
 10347 | D:9      | Found Eroim's Antique Weapon Boutique.
 10502 | D:9      | Reached skill level 5 in Maces & Flails
 10630 | D:9      | Reached XP level 11. HP: 64/64 MP: 19/21
 10725 | D:9      | Offered knowledge of Static Discharge by Vehumet.
 10762 | D:9      | Found Zeacs's Antique Weapon Boutique.
 10773 | D:9      | Found a snail-covered altar of Cheibriados.
 10774 | D:9      | Found a white marble altar of Elyvilon.
 10811 | D:9      | Found Ysmobafa's Antique Armour Shop.
 10924 | D:9      | Found Yxiffyd's Assorted Antiques.
 10933 | D:9      | Found a snail-covered altar of Cheibriados.
 10956 | D:9      | Reached *** piety under Vehumet
 10970 | D:9      | Reached skill level 5 in Dodging
 11018 | D:9      | Bought 2 viscous orange potions for 43 gold pieces
 11018 | D:9      | Bought 2 green potions for 43 gold pieces
 11018 | D:9      | Bought a scroll of identify for 48 gold pieces
 11139 | D:9      | Found a basalt altar of Yredelemnul.
 11148 | D:9      | Found an ornate altar of the Wu Jian Council.
 11149 | D:9      | Found a shattered altar of Ashenzari.
 11150 | D:9      | Found a hide-covered altar of Uskayaw.
 11152 | D:9      | Found a shimmering blue altar of Sif Muna.
 11253 | D:9      | Found a sparkling altar of Nemelex Xobeh.
 11253 | D:9      | Noticed Jessica
 11254 | D:9      | Killed Jessica
 11342 | D:10     | Entered Level 10 of the Dungeon
 11356 | D:10     | Offered knowledge of Sticky Flame by Vehumet.
 11438 | D:10     | Noticed a catoblepas
 11452 | D:10     | Killed a catoblepas
 11595 | D:10     | Noticed Urug
 11618 | D:10     | Killed Urug
 11784 | D:10     | Reached skill level 10 in Earth Magic
 11874 | D:10     | Noticed a death yak
 11878 | D:10     | Noticed Fannar
 12058 | D:9      | Reached **** piety under Vehumet
 12164 | D:10     | Found a staircase to the Lair.
 12170 | D:10     | Found a portal to a secret trove of treasure.
 12188 | D:10     | Killed a death yak
 12378 | D:10     | Noticed Erolcha
 12425 | D:10     | Killed Erolcha
 12595 | D:10     | Offered knowledge of Irradiate by Vehumet.
 12619 | D:10     | Learned a level 5 spell: Irradiate
 12688 | D:10     | Identified a scroll of acquirement
 12688 | D:10     | Identified Nyrgvaldir's Disquisition on Attacks (You
                  | acquired it on level 10 of the Dungeon)
 12716 | D:10     | Killed from afar by Fannar

Levels and vault maps discovered:
D:1:      minmay_arrival_checkered_box, layout_basic
D:2:      layout_rooms, gammafunk_temple_overflow_claw, chequers_garden,
          grunt_ministairs_5, fedhas_altar_2
D:3:      layout_rooms, fountainhead, tgw_xom
D:4:      layout_basic, nicolae_overflow_crystal_walls, item_on_display_a
D:5:      layout_gridville, cheibrodos_sewer_entry_sluice, first_ration,
          uniq_blork_the_orc
D:6:      layout_loops_ring, minmay_temple_entry_glassed_door, serial_shops,
          shop, nicolae_shop_temple_entry_statues_fountains
D:7:      layout_gridville, grunt_livestock, uniq_pikel
D:8:      kennysheep_kobold_camp, layout_loops_ring,
          nemelex_xobeh_ov_fountains_minmay, kennysheep_little_box,
          chequers_big_river, uniq_harold, uniq_erica
D:9:      layout_irregular_city, minitemple, serial_shops,
          nicolae_shop_overgrown_old_shop, nicolae_shop_stone, shop,
          nicolae_shop_overgrown_old_shop, basic_altar,
          hangedman_abyss_or_decor_stagger, minmay_door_square,
          nemelex_lonely_heart_becter
D:10:     layout_irregular_city, david_lair_generic, enter_trove_2,
          serial_park_tiny_pond, uniq_fannar, uniq_urug, uniq_erolcha
Temple:   nicolae_temple_figure_zero

Skill      XL: |  1  2  3  4  5  6  7  8  9 10 11 |
---------------+----------------------------------+-----
Earth Magic    | 4 5 6 7 8 9 10 | 10.3
Conjurations   | 1 2 3 4 5 6 7 8 |  8.3
Spellcasting   | 3 4 5 6 7 |  7.5
Armour         | 1 2 4 5 6 |  6.0
Fighting       | 2 4 5 6 |  6.8
Maces & Flails | 2 3 5 6 |  6.2
Dodging        | 2 3 4 5 |  5.7
Evocations     | 1 3 |  3.6
Stealth        | |  2.1
Transmutations | |  0.7

Action                   |  1- 3 |  4- 6 |  7- 9 | 10-12 || total
-------------------------+-------+-------+-------+-------++-------
Melee: Mace              |    80 |   180 |   587 |   282 ||  1129
       Short sword       |       |    16 |       |       ||    16
       Headbutt          |       |       |    10 |    46 ||    56
Throw: Throwing net      |       |       |       |     3 ||     3
 Cast: Sandblast         |    17 |    58 |    79 |   119 ||   273
       Stone Arrow       |       |     2 |     4 |    29 ||    35
       Lee's Rapid Decon |       |       |     7 |    18 ||    25
Evoke: Wand              |       |       |       |    16 ||    16
  Use: Scroll            |     6 |     3 |    11 |     4 ||    24
       Potion            |       |     3 |     2 |     9 ||    14
 Stab: Sleeping          |     2 |     2 |     3 |     2 ||     9
  Eat: Chunk             |     2 |     7 |    15 |    16 ||    40
       Ration            |       |       |     1 |     1 ||     2
Armor: Robe              |    39 |   102 |   197 |   169 ||   507
Dodge: Dodged            |    62 |   163 |   280 |   346 ||   851
Block: Other             |       |       |       |    32 ||    32
       Reflection        |       |       |       |     3 ||     3

Table legend:
 A = Non-vault XP
 B = Vault XP
 C = Vault XP percentage of total XP
 D = Non-vault monster count
 E = Vault monster count
 F = Vault count percentage of total count
                 A         B        C        D         E       F
            +---------+---------+-------+---------+---------+-------
      Total |   11051 |    7170 |  39.4 |     266 |      63 |  19.1
            +---------+---------+-------+---------+---------+-------
        D:1 |      31 |       0 |   0.0 |      17 |       0 |   0.0
        D:2 |     114 |       8 |   6.6 |      27 |       2 |   6.9
        D:3 |     269 |      14 |   4.9 |      33 |       1 |   2.9
        D:4 |     681 |       0 |   0.0 |      35 |       0 |   0.0
        D:5 |     230 |     110 |  32.4 |       9 |       3 |  25.0
        D:6 |     427 |       0 |   0.0 |      17 |       0 |   0.0
        D:7 |     842 |    1595 |  65.4 |      12 |       6 |  33.3
        D:8 |    1947 |    2071 |  51.5 |      37 |      23 |  38.3
        D:9 |    2844 |      37 |   1.3 |      59 |       1 |   1.7
       D:10 |    3666 |    3305 |  47.4 |      20 |       6 |  23.1
      Sewer |       0 |      30 | 100.0 |       0 |      21 | 100.0
            +---------+---------+-------+---------+---------+-------
